AoeStats
← Sterlo White

Arabia

509179488Analyzed
1v1 RM · 5d ago on Sep 25, 2026· 37m 12s· 2 players
Game mode
Random Map
Map size
Tiny (2 player)
Population
200
Speed
Normal
Resources
Standard
Victory
Conquest
Starting age
Dark Age
Ending age
Imperial Age
RankedLock teamsTeams togetherTeam positionsShared explorationLock speedFull tech treeHidden civsTurbo modeCheats
Victory
Defeat
🇰🇿 Khmer · Kazakhstan
1046
+14
🇦🇷 Lithuanians · Argentina
1013
-14
hernansanchez.2908
5:59 Loom
9:00 Feudal Age
9:50 Double-Bit Axe
20:34 Castle Age
19:06 Horse Collar
19:23 Gold Mining
20:11 Bloodlines
21:04 Scale Barding Armor
23:04 Bow Saw
26:11 Stone Mining
29:31 Atonement
31:08 Forging
34:16 Scale Mail Armor
34:50 Husbandry
35:35 Chain Barding Armor
37:39 Iron Casting
Sterlo White
6:10 Loom
9:35 Feudal Age
17:03 Horse Collar
17:13 Double-Bit Axe
20:19 Castle Age
18:43 Gold Mining
19:50 Bloodlines
21:15 Husbandry
21:58 Husbandry
22:13 Scale Barding Armor
22:19 Forging
21:50 Light Cavalry
25:28 Chain Barding Armor
26:05 Heavy Plow
35:39 Imperial Age
36:27 Wheelbarrow
36:06 Bow Saw
36:32 Gold Shaft Mining
36:04 Town Watch
Connection lost

Rejoining the realm…

Still unreachable

The connection could not be restored.

Session expired

The server has moved on; the page needs a fresh start.